 Dungeon Crawl Stone Soup version 0.22.1-1-ga44c0e56f4 (webtiles) character file.

580 Flubber the Destroyer (level 7, -2/36 HPs)
             Began as a Tengu Conjurer on Oct 25, 2018.
             Slain by a gnoll
             ... wielding a +1 halberd of flaming
              (6 damage)
             ... on level 4 of the Dungeon.
             The game lasted 00:16:41 (4358 turns).

Flubber the Destroyer (Tengu Conjurer)              Turns: 4358, Time: 00:16:41

Health: -2/36      AC:  3    Str: 13    XL:     7   Next: 36%
Magic:  3/12       EV: 17    Int: 22    God:
Gold:   159        SH:  0    Dex: 16    Spells: 0/12 levels left

rFire    . . .     SeeInvis .   h - +2 whip of Tusmon {drain, Dex+2}
rCold    . . .     Gourm    .   (no shield)
rNeg     . . .     Faith    .   a - +1 robe
rPois    .         Spirit   .   (helmet restricted)
rElec    .         Reflect  .   (no cloak)
rCorr    .         Harm     .   (no gloves)
MR       .....     Rnd*Rage +   (boots unavailable)
Stlth    ++........             (no amulet)
HPRegen  0.00/turn              d - +4 ring of intelligence
MPRegen  0.13/turn              (no ring)

@: mighty, lethally poisoned (-2 -> -7), flying quickly and evasively, very
slightly contaminated, quick
A: beak, talons 3, berserk 1, blurry vision 1, mutation resistance 1, inhibited
regeneration, able to fly 1
a: no special abilities


You were on level 4 of the Dungeon.
You were not hungry.

You visited 1 branch of the dungeon, and saw 4 of its levels.
You also visited: Ossuary.

You collected 159 gold pieces.

Inventory:

Hand Weapons
 h - the +2 whip of Tusmon (weapon) {drain, Dex+2}
   (You found it on level 4 of the Dungeon)

   A truly terrible weapon, it drains the life of those it strikes.
   It affects your dexterity (+2).
 i - a +1 vampiric dagger
Missiles
 e - 47 arrows
Armour
 a - a +1 robe (worn)
Jewellery
 d - a +4 ring of intelligence (left hand)
Scrolls
 b - a scroll of magic mapping
 g - 2 scrolls of teleportation
 o - 2 scrolls of identify
 p - a scroll of fog
Potions
 f - 3 potions of might
 k - 2 potions of brilliance
Comestibles
 c - 5 rations
 q - 3 chunks of flesh


   Skills:
 - Level 2.3 Short Blades
 + Level 1.0 Maces & Flails
 + Level 4.5 Dodging
 - Level 2.4 Stealth
 - Level 3.0 Spellcasting
 * Level 8.2 Conjurations
 - Level 1.1 Hexes
 + Level 0.5 Translocations


You couldn't memorise any spells.
You knew the following spells:

 Your Spells              Type           Power        Failure   Level  Hunger
a - Magic Dart            Conj           ####         1%          1    None
b - Dazzling Spray        Conj/Hex       ###...       5%          3    ###....
c - Iskenderun's Mystic   Conj           #####...     4%          4    ####...
d - Force Lance           Conj/Tloc      ###.....     21%         4    ####...

Your spell library contained the following spells:

 Spells                   Type           Power        Failure   Level  Hunger
 Searing Ray              Conj           #####.       1%          2    ##.....
 Fulminant Prism          Conj/Hex       ###.......   19%         4    ####...


Dungeon Overview and Level Annotations

Branches:
Dungeon (4/15)
 Temple: D:4-7

Altars:
Makhleb
Qazlal

Annotations:
D:3 Grinder


Innate Abilities, Weirdness & Mutations

You have a beak for a mouth.
You have claws for feet.
You can fly.
You tend to lose your temper in combat.
Scrolls take you a little longer to read.
You are somewhat resistant to further mutation.
You do not regenerate when monsters are visible.


Message History

* * * LOW HITPOINT WARNING * * *
The gnoll completely misses you.
Okay, then.
* * * LOW HITPOINT WARNING * * *
You feel sick. The gnoll sergeant closely misses you.
You hit the gnoll sergeant. You drain the gnoll sergeant!
You kill the gnoll sergeant!
Your Maces & Flails skill increases to level 1!
The gnoll closely misses you.
* * * LOW HITPOINT WARNING * * *
You feel sick. The gnoll closely misses you.
Things that are here:
a spear of venom; a scale mail You closely miss the gnoll.
The gnoll closely misses you.
You barely miss the gnoll. You peck the gnoll!
The gnoll is heavily wounded.
* * * LOW HITPOINT WARNING * * *
You feel sick.
The gnoll hits you with a halberd of flaming.
You die...

**#.......## #.......
#........# #.......
#........## #.......
*#........# ##......
#........## #.....)
#.........# #......
#.........# ##.....
### ##.........##
#..... ##.#
#.g@........# ##....
##..###!#)........#
#....
#....#..#.........##
##...
#......###.........##
#... #.....##
##.........####..
#.....##
#...........##.>
#[.....#
##.......##...#.
#......#
##.....#####...
####.### ####### ####


You could see a gnoll.

Vanquished Creatures
  A gnoll sergeant (D:4)
  2 water moccasin zombies (Ossuary)
  A centaur skeleton (D:4)
  2 worker ants (D:4)
  An orc wizard (D:4)
  4 big kobold zombies (Ossuary)
  2 mummies (Ossuary)
  7 adders
  3 gnolls (D:4)
  6 adder zombies (Ossuary)
  A worm (D:2)
  A leopard gecko (D:1)
  7 orcs
  3 ball pythons
  9 bats
  2 giant cockroaches (D:1)
  2 gnoll zombies (Ossuary)
  4 goblins
  4 hobgoblins
  13 jackals
  6 frilled lizards
  5 hobgoblin zombies (Ossuary)
  7 kobolds
  5 kobold zombies (Ossuary)
  9 orc zombies (Ossuary)
  2 quokka zombies (D:4)
  2 rats
111 creatures vanquished.

Notes
Turn   | Place    | Note
-------+----------+-------------------------------------------
     0 | D:1      | Flubber the Tengu Conjurer began the quest for the Orb.
     0 | D:1      | Reached XP level 1. HP: 10/10 MP: 4/4
   220 | D:1      | Reached XP level 2. HP: 15/15 MP: 1/6
   597 | D:2      | Reached XP level 3. HP: 19/19 MP: 1/7
   779 | D:2      | Found a burning altar of Makhleb.
   811 | D:2      | Learned a level 3 spell: Dazzling Spray
   918 | D:2      | Reached XP level 4. HP: 24/24 MP: 2/9
  1415 | D:3      | Noticed Grinder
  1627 | D:3      | Reached skill level 6 in Conjurations
  1842 | D:3      | Gained mutation: You can fly. [Tengu growth]
  1842 | D:3      | Reached XP level 5. HP: 28/28 MP: 5/10
  1945 | D:4      | Reached skill level 1 in Short Blades
  2033 | D:4      | Found a stormy altar of Qazlal.
  2063 | D:4      | Found a sand-covered staircase.
  2074 | Ossuary  | Entered an ossuary
  2187 | Ossuary  | Reached skill level 1 in Hexes
  2187 | Ossuary  | Reached XP level 6. HP: 10/32 MP: 2/11
  2195 | Ossuary  | Reached skill level 7 in Conjurations
  2865 | Ossuary  | Learned a level 4 spell: Iskenderun's Mystic Blast
  4071 | D:4      | Got a brightly glowing whip
  4072 | D:4      | Identified the +2 whip of Tusmon {drain, Dex+2} (You found
                  | it on level 4 of the Dungeon)
  4139 | D:4      | Reached XP level 7. HP: 36/36 MP: 3/12
  4239 | D:4      | Reached skill level 8 in Conjurations
  4245 | D:4      | Learned a level 4 spell: Force Lance
  4346 | D:4      | Gained mutation: You do not regenerate when monsters are
                  | visible. [potion of mutation]
  4346 | D:4      | Gained mutation: Scrolls take you a little longer to read.
                  | [potion of mutation]
  4346 | D:4      | Gained mutation: You tend to lose your temper in combat.
                  | [potion of mutation]
  4346 | D:4      | Gained mutation: You are somewhat resistant to further
                  | mutation. [potion of mutation]
  4355 | D:4      | Reached skill level 1 in Maces & Flails
  4358 | D:4      | Slain by a gnoll

Skill      XL: |  1  2  3  4  5  6  7 |
---------------+----------------------+-----
Spellcasting   | 3 |  3.0
Dodging        | 3 4 |  4.5
Conjurations   | 6 7 8 |  8.2
Short Blades   | 1 2 |  2.3
Hexes          | 1 |  1.1
Maces & Flails | 1 |  1.0
Stealth        | |  2.4
Translocations | |  0.5

Action                   |  1- 3 |  4- 6 |  7- 9 || total
-------------------------+-------+-------+-------++-------
Melee: Unarmed           |    10 |       |       ||    10
       Peck              |     7 |    14 |     6 ||    27
       Dagger            |    11 |   102 |       ||   113
       Kick              |     3 |    25 |     3 ||    31
       Whip              |       |       |    26 ||    26
 Cast: Magic Dart        |    57 |   157 |    10 ||   224
       Dazzling Spray    |       |     1 |     2 ||     3
       Iskenderun's Myst |       |     2 |     2 ||     4
  Use: Scroll            |     5 |     6 |     1 ||    12
       Potion            |       |     4 |     7 ||    11
 Stab: Invisible         |       |     4 |     3 ||     7
  Eat: Ration            |     1 |     2 |       ||     3
       Chunk             |     1 |     3 |     2 ||     6
Armor: Robe              |     3 |    15 |     3 ||    21
Dodge: Dodged            |    27 |    84 |    29 ||   140
